 Dungeon Crawl Stone Soup version 0.22-a0-558-gc224181 (webtiles) character file.

1285 Gildeon the Cleaver (level 8, -3/68 HPs)
             Began as a Minotaur Fighter on June 26, 2018.
             Was a High Priest of Jiyva.
             Killed by divine providence
             ... invoked by an orc priest
              (10 damage)
             ... on level 6 of the Dungeon.
             The game lasted 00:13:16 (3877 turns).

Gildeon the Cleaver (Minotaur Fighter)              Turns: 3877, Time: 00:13:17

Health: -3/68      AC: 12    Str: 18    XL:     8   Next: 29%
Magic:  7/7        EV: 10    Int:  8    God:    Jiyva [*****.]
Gold:   197        SH: 10    Dex: 12    Spells: 7/7 levels left

rFire    . . .     SeeInvis .   a - +1 war axe
rCold    . . .     Gourm    .   c - +0 shield
rNeg     . . .     Faith    .   b - +0 scale mail
rPois    .         Spirit   .   (helmet restricted)
rElec    .         Reflect  .   d - +0 cloak
rCorr    +         Harm     .   n - +0 pair of gloves
MR       .....                  h - +1 pair of boots
Stlth    ..........             (no amulet)
HPRegen  0.21/turn              (no ring)
MPRegen  0.10/turn              (no ring)

@: no status effects
A: retaliatory headbutt, horns 2, eyeballs 1
a: Request Jelly, Slimify, Cure Bad Mutation, Renounce Religion


You were on level 6 of the Dungeon.
You worshipped Jiyva.
Jiyva was extremely pleased with you.
You were completely stuffed.

You visited 1 branch of the dungeon, and saw 6 of its levels.

You collected 197 gold pieces.

Inventory:

Hand Weapons
 a - a +1 war axe (weapon)
 g - a +2 flail of holy wrath
Armour
 b - a +0 scale mail (worn)
 c - a +0 shield (worn)
 d - a +0 cloak (worn)
 h - a +1 pair of boots (worn)
 n - a +0 pair of gloves (worn)
Scrolls
 i - a scroll of amnesia
 j - 2 scrolls of fog
Potions
 k - a potion of flight
 l - 2 potions of heal wounds
 o - 3 potions of curing
 q - a potion of berserk rage
Comestibles
 f - 5 rations
 p - 7 chunks of flesh


   Skills:
 - Level 5.0 Fighting
 * Level 8.1 Axes
 - Level 5.0 Armour
 + Level 4.8 Dodging
 + Level 6.6 Shields


You had 7 spell levels left.
You didn't know any spells.
Your spell library contained the following spells:

 Spells                   Type           Power        Failure   Level  Hunger
 Fireball                 Conj/Fire      #.........   100%        5    ######.
 Conjure Flame            Conj/Fire      #.......     100%        3    ####...
 Throw Flame              Conj/Fire      #.....       99%         2    ###....
 Sticky Flame             Conj/Fire      #.......     100%        4    #####..
 Flame Tongue             Conj/Fire      #....        98%         1    ##.....
 Inner Flame              Hex/Fire       #.......     100%        3    ####...


Dungeon Overview and Level Annotations

Branches:
Dungeon (6/15)             Temple (0/1) D:4

Altars:
Ashenzari
Cheibriados
Trog
Wu Jian
Yredelemnul
Jiyva


Innate Abilities, Weirdness & Mutations

You reflexively headbutt those who attack you in melee.
You have a pair of horns on your head.
Your body has grown golden eyes which may confuse attackers. (Acc +3)


Message History

You hear a distant slurping noise.
Jiyva appreciates your sacrifice.
You feel a little less hungry.
You feel better.
The jelly completely misses the orc priest.
You block the orc's attack. The orc priest closely misses you.
You barely miss the orc priest.
The orc priest is heavily wounded.
You slash the orc!
You kill the orc!
The orc priest calls upon Beogh to heal the orc priest.
The orc priest is healed somewhat.
The orc priest mumbles some strange prayers to Beogh against you.
Beogh smites you!
* * * LOW HITPOINT WARNING * * *
You barely miss the orc priest. Your headbutt misses the orc priest.
The orc priest is lightly wounded.
You closely miss the worker ant.
The orc priest calls down the wrath of Beogh upon you.
Beogh smites you!
You die...

#####........
....#........
.............
###.#........ #
#.#........ #
#.......... # #
##..###.##### #.### #
##..# .....####......
# ##.# ###.#.@o......
# #.## #.#.#ao.....
#..# #...#oo..... .#
##.# #..##o.oJ... .#
#.# ##..# ..o...> ##
#.# ##...##.......
##.###.............
##
#........#.#.....<.
.........######......


You could see a worker ant, 4 orc priests, an orc wizard, 2 orcs and a neutral
jelly (fellow slime).

Vanquished Creatures
  Eustachio (D:4)
  A water moccasin (D:6)
  A phantom (D:4)
  2 scorpions
  4 killer bees (D:6)
  An oklob sapling (D:4)
  A crimson imp (D:5)
  A bullfrog zombie (D:5)
  A quasit (D:6)
  A centaur zombie (D:5)
  A hound (D:5)
  Crazy Yiuf (D:4)
  3 orc priests
  2 orc wizards
  A bullfrog skeleton (D:4)
  5 worker ants
  A hound skeleton (D:4)
  7 adders
  2 oozes
  2 adder skeletons (D:4)
  A leopard gecko (D:4)
  13 orcs
  A bat zombie (D:1)
  2 giant cockroaches
  3 goblins
  A hobgoblin (D:3)
  11 jackals
  A quokka (D:2)
  2 bats (D:1)
  2 frilled lizards
  A giant cockroach zombie (D:1)
  A gnoll zombie (D:2)
  7 kobolds
  A quokka skeleton (D:4)
  A plant (D:4)
87 creatures vanquished.

Vanquished Creatures (others)
  A centaur (D:5)
  A bullfrog (D:4)
  A scorpion (D:5)
  4 jellies
  Jessica (D:2)
  An orc wizard (D:5)
  A worker ant (D:4)
  A howler monkey skeleton (D:6)
  2 adders
  2 worms
  A dart slug (D:2)
  6 orcs
  A bat (D:2)
  3 giant cockroaches
  A gnoll zombie (D:2)
  A hobgoblin (D:3)
  2 jackals (D:5)
  A frilled lizard (D:2)
  A goblin (D:2)
  A kobold (D:3)
  A quokka skeleton (D:5)
  A rat (D:3)
  A fungus (D:4)
36 creatures vanquished.

Grand Total: 123 creatures vanquished

Notes
Turn   | Place    | Note
-------+----------+-------------------------------------------
     0 | D:1      | Gildeon the Minotaur Fighter began the quest for the Orb.
     0 | D:1      | Reached XP level 1. HP: 19/19 MP: 0/0
   158 | D:1      | Reached XP level 2. HP: 25/27 MP: 1/1
   603 | D:2      | Reached skill level 3 in Axes
   709 | D:2      | Found a faded altar of an unknown god.
   717 | D:2      | Became a worshipper of Jiyva Jery the Shapeless
   717 | D:2      | Reached * piety under Jiyva
   756 | D:2      | Killed Jessica
   866 | D:2      | Reached skill level 1 in Dodging
   994 | D:2      | Reached ** piety under Jiyva
  1219 | D:2      | Found a basalt altar of Yredelemnul.
  1356 | D:3      | Reached XP level 3. HP: 28/33 MP: 2/2
  1851 | D:3      | Found an ornate altar of the Wu Jian Council.
  1851 | D:3      | Found a snail-covered altar of Cheibriados.
  1852 | D:3      | Found a bloodstained altar of Trog.
  1903 | D:4      | Found a staircase to the Ecumenical Temple.
  1903 | D:4      | Noticed an oklob sapling
  1920 | D:4      | Noticed a scorpion
  1922 | D:4      | Reached XP level 4. HP: 30/40 MP: 3/3
  1931 | D:4      | Reached skill level 4 in Axes
  1931 | D:4      | Reached XP level 5. HP: 12/47 MP: 4/4
  2186 | D:4      | Noticed Eustachio
  2194 | D:4      | Reached *** piety under Jiyva
  2195 | D:4      | Killed Eustachio
  2195 | D:4      | Reached skill level 5 in Axes
  2195 | D:4      | Reached XP level 6. HP: 44/55 MP: 5/5
  2210 | D:4      | Reached skill level 5 in Armour
  2210 | D:4      | Reached skill level 5 in Shields
  2307 | D:4      | Reached skill level 5 in Fighting
  2466 | D:4      | Reached **** piety under Jiyva
  2468 | D:4      | Gained mutation: Your body has grown golden eyes which may confuse attackers. (Acc +3) [Jiyva's grace]
  2554 | D:4      | Found a runed door.
  2558 | D:4      | Noticed Crazy Yiuf
  2559 | D:4      | Killed Crazy Yiuf
  2559 | D:4      | Reached XP level 7. HP: 61/61 MP: 4/6
  3013 | D:5      | Entered Level 5 of the Dungeon
  3019 | D:5      | Reached skill level 6 in Axes
  3577 | D:5      | Found a shattered altar of Ashenzari.
  3588 | D:5      | Reached skill level 7 in Axes
  3748 | D:6      | Reached XP level 8. HP: 59/68 MP: 7/7
  3823 | D:6      | Reached skill level 8 in Axes
  3853 | D:6      | Reached ***** piety under Jiyva
  3877 | D:6      | Killed from afar by an orc priest

Vault maps used:
D:1:      saegor_arrival_fortress
D:2:      lemuel_zombie_altar_yredelemnul, chequers_ecumenical_altar_island,
          uniq_jessica
D:3:      nicolae_overflow_hidden_temple, first_ration, kennysheep_flooded_box
D:4:      minmay_temple_entry_oklob, st_stairs_1, kennysheep_nondescript,
          uniq_eustachio, uniq_crazy_yiuf_cottage
D:5:      ashenzari_altar_1

Skill      XL: |  1  2  3  4  5  6  7  8 |
---------------+-------------------------+-----
Axes           | 3 4 5 7 8 |  8.1
Dodging        | 1 2 3 4 |  4.8
Fighting       | 4 5 |  5.0
Shields        | 4 5 6 |  6.6
Armour         | 4 5 |  5.0

Action                   |  1- 3 |  4- 6 |  7- 9 || total
-------------------------+-------+-------+-------++-------
Melee: War axe           |    76 |    54 |   135 ||   265
       Headbutt          |     6 |    11 |    25 ||    42
Invok: Slimify           |       |     1 |       ||     1
  Use: Scroll            |     6 |       |     6 ||    12
       Potion            |       |     2 |     1 ||     3
 Stab: Confused          |       |       |     1 ||     1
  Eat: Chunk             |     2 |       |       ||     2
       Ration            |       |     1 |       ||     1
Armor: Scale mail        |    35 |    35 |    45 ||   115
Dodge: Dodged            |    25 |    31 |    53 ||   109
Block: Shield            |    37 |    38 |    78 ||   153

Table legend:
 A = Spawn XP
 B = Non-spawn XP
 C = Spawn XP percentage of total XP
 D = Spawn monster count
 E = Non-spawn monster count
 F = Spawn count percentage of total count
 G = Total turns spent on level
                    A         B        C        D         E        F      G
               +---------+---------+-------+---------+---------+-------+---------
         Total |       0 |    1837 |   0.0 |       0 |      86 |   0.0 |  3877
               +---------+---------+-------+---------+---------+-------+---------
           D:1 |       0 |      24 |   0.0 |       0 |      13 |   0.0 |   552
           D:2 |       0 |      16 |   0.0 |       0 |       6 |   0.0 |   792
           D:3 |       0 |      28 |   0.0 |       0 |       8 |   0.0 |   528
           D:4 |       0 |     755 |   0.0 |       0 |      26 |   0.0 |  1141
           D:5 |       0 |     511 |   0.0 |       0 |      22 |   0.0 |   725
           D:6 |       0 |     503 |   0.0 |       0 |      11 |   0.0 |   139
               +---------+---------+-------+---------+---------+-------+---------
